 Dungeon Crawl Stone Soup version 0.16-a0-1885-g0f03bb0 (console) character file.

17 Fusha the Caller (level 2, -9/19 HPs)
             Began as a Demonspawn Summoner on Nov 6, 2014.
             Mangled by an ogre
             ... wielding a +0 giant spiked club
              (28 damage)
             ... on level 1 of the Dungeon.
             The game lasted 00:05:17 (1546 turns).

Fusha the Caller (Demonspawn Summoner)              Turns: 1546, Time: 00:05:17

Health: -9/19      AC:  2    Str:  8    XL:     2   Next: 44%
Magic:  1/4        EV: 12    Int: 16    God:
Gold:   66         SH:  0    Dex: 13    Spells: 2 memorised, 2 levels left

rFire  . . .     SeeInvis .     h - +0 halberd
rCold  . . .     Clarity  .     a - +0 robe
rNeg   . . .     SustAb   .     (no shield)
rPois  .         Gourm    .     (no helmet)
rElec  .         Spirit   .     (no cloak)
rCorr  .         Warding  .     (no gloves)
rMut   .         Stasis   .     (no boots)
MR     .....                    (no amulet)
Stlth  ++........               (no ring)
                                (no ring)

@: not resistant to hostile enchantments, unstealthy
A: powered by death 1
a: no special abilities


You were on level 1 of the Dungeon.
You were hungry.

You visited 1 branch of the dungeon, and saw 1 of its levels.

You collected 66 gold pieces.

Inventory:

Hand weapons
 d - a +0 dagger
 g - a +0 short sword
 h - a +0 halberd (weapon)
Missiles
 e - 20 stones (quivered)
Armour
 a - a +0 robe (worn)
Scrolls
 j - a scroll of magic mapping {unknown}
Books
 b - a book of Callings

   Spells                             Type                      Level
   *Summon Small Mammal               Summoning                    1
   *Call Imp                          Summoning                    2
   Call Canine Familiar               Summoning                    3
   Summon Guardian Golem              Hexes/Summoning              4
   Summon Lightning Spire             Summoning/Air                4
   Summon Ice Beast                   Ice/Summoning                4
Comestibles
 c - 2 bread rations
 f - a slice of pizza
 i - 2 chunks of flesh


   Skills:
 + Level 0.0 Polearms
 + Level 2.1 Dodging
 + Level 1.9 Stealth
 + Level 2.1 Spellcasting
 * Level 4.3 Summonings


You had 2 spell levels left.
You knew the following spells:

 Your Spells              Type           Power        Failure   Level  Hunger
a - Summon Small Mammal   Summ           ###.         4%          1    #......
b - Call Imp              Summ           ###.....     8%          2    ###....


Dungeon Overview and Level Annotations

Branches:
Dungeon (1/15)

Altars:


Innate Abilities, Weirdness & Mutations

You can steal the life force of nearby defeated enemies.


Message History

Your crimson imp hits the bat.
The bat closely misses your crimson imp.
Something hits your crimson imp.
Something hits your crimson imp but does no damage.
The bat hits your crimson imp but does no damage.
The bat barely misses your crimson imp.
Your crimson imp barely misses the bat.
The bat hits your crimson imp but does no damage.
Your crimson imp blinks!
The bat hits you but does no damage. The bat barely misses you.
You closely miss the bat.
The bat is heavily wounded.
The bat hits you. The bat hits you but does no damage.
The bat closely misses you.
You slash the bat!
You kill the bat!
Your crimson imp disappears in a puff of smoke!
Your crimson imp blinks!
The ogre hits you with a giant spiked club!!
Ouch! That really hurt!
You die...

.# #.'...# #.........####
.####.#...##########.†§####.....[
.'.....>...O.......÷...+.........
.####.#.############...#########.
.# #.#5# #...##...# #. .# #.#O#
#...##...# #O [# #.#.# #...##...#
#. .#
#.#.#######...############### .#
#.#.....†..O@................ .#
#.#########...####......5..## ##
#.# #...####.........# #.#
###..............#
#..............##
#................
#................
#......########.. # #......####
#..


You could see an ogre.

Vanquished Creatures
  A ball python (D:1)
  2 bats (D:1)
  2 giant cockroaches (D:1)
  A hobgoblin (D:1)
  A giant newt (D:1)
  A goblin (D:1)
8 creatures vanquished.

Vanquished Creatures (collateral kills)
  A gnoll (D:1)
  A giant cockroach (D:1)
  A goblin (D:1)
  A ball python (D:1)
4 creatures vanquished.

Vanquished Creatures (others)
  A crimson imp (D:1)
  A shadow imp (D:1)
  2 quokkas (D:1)
  2 bats (D:1)
  3 rats (D:1)
9 creatures vanquished.

Grand Total: 21 creatures vanquished

Notes
Turn   | Place    | Note
--------------------------------------------------------------
     0 | D:1      | Fusha, the Demonspawn Summoner, began the quest for the Orb.
     0 | D:1      | Reached XP level 1. HP: 13/13 MP: 3/3
     2 | D:1      | Noticed a felid
     2 | D:1      | Noticed a naga
     4 | D:1      | Noticed a vine stalker
     4 | D:1      | Noticed a centaur
     6 | D:1      | Noticed a troll
     8 | D:1      | Noticed a draconian
     8 | D:1      | Noticed an ogre
    10 | D:1      | Noticed a dwarf
    10 | D:1      | Noticed an elf
    12 | D:1      | Noticed a vampire
    12 | D:1      | Noticed a spriggan
    16 | D:1      | Noticed a gargoyle
    18 | D:1      | Noticed a human
    18 | D:1      | Noticed a merfolk
    20 | D:1      | Noticed an octopode
    20 | D:1      | Noticed a minotaur
    22 | D:1      | Noticed a demonspawn
    22 | D:1      | Noticed a ghoul
    24 | D:1      | Noticed a tengu
    24 | D:1      | Noticed a formicid
    26 | D:1      | Noticed a demigod
  1256 | D:1      | Gained mutation: You can steal the life force of nearby defeated enemies. [demonic ancestry]
  1256 | D:1      | Reached XP level 2. HP: 19/19 MP: 0/4
  1400 | D:1      | Learned a level 2 spell: Call Imp
  1462 | D:1      | Noticed an ogre
  1546 | D:1      | Mangled by an ogre

Action                   || total
-------------------------++-------
Melee: Unarmed           ||    49
       Halberd           ||    34
 Cast: Summon Small Mamm ||    12
       Call Imp          ||     5
 Stab: Sleeping          ||     1
  Eat: Chunk             ||     2
